AA
KANSAS CITY T-BONES @ ST. PAUL SAINTS
07/25/2072
 
TOP OF THE 1ST
Chicago Dogs batting - Pitching for Lincoln Saltdogs : RHP Justin Watland
Pitching: RHP Justin Watland
Batting: RHB Tom Barlow 0-0: Swinging Strike
0-1: Ball
1-1: Ball
2-1: Ball
3-1: Called Strike
3-2: Base on Balls
Batting: RHB Hector Torres 0-0: Ball
Tom Barlow steals 2nd base
1-0: Called Strike
1-1: Foul Ball, location: 2F
1-2: Ball
2-2: Ball
3-2: Foul Ball, location: 2F
3-2: Fly out, F8 (Flyball, 8LS, EV 85.0 MPH)
Batting: SHB Nate Gibson 0-0: Called Strike
0-1: Ball
1-1: Foul Ball, location: 2F
1-2: Ball
2-2: DOUBLE (Flyball, 78XD, EV 96.9 MPH)
Tom Barlow scores
Batting: RHB Ruben Martinez 0-0: Ball
1-0: Swinging Strike
1-1: Called Strike
1-2: Ball
2-2: Strikes out swinging
Batting: SHB Jose Lopez 0-0: Ball
1-0: Swinging Strike
1-1: Ball
2-1: Ground out U3 (Groundball, 3, EV 93.1 MPH)
Top of the 1st over - 1 run, 1 hit, 0 errors, 1 left on base; Chicago 1 - Lincoln 0
BOTTOM OF THE 1ST
Lincoln Saltdogs batting - Pitching for Chicago Dogs : RHP Matt Nunes
Pitching: RHP Matt Nunes
Batting: LHB Tyler Hedderman 0-0: Called Strike
0-1: Ball
1-1: Called Strike
1-2: Strikes out swinging
Batting: RHB Noah Dotson 0-0: Swinging Strike
0-1: Ball
1-1: Foul Ball, location: 2F
1-2: Ball
2-2: Strikes out swinging
Batting: LHB Nazir Wilson 0-0: Called Strike
0-1: Ball
1-1: Ball
2-1: Fly out, F8 (Flyball, 78D, EV 78.1 MPH)
Bottom of the 1st over - 0 runs, 0 hits, 0 errors, 0 left on base; Chicago 1 - Lincoln 0
TOP OF THE 2ND
Chicago Dogs batting - Pitching for Lincoln Saltdogs : RHP Justin Watland
Batting: SHB Ramiro Rivera 0-0: Ball
1-0: DOUBLE (Groundball, 5L, EV 102.5 MPH)
Batting: LHB Sebastien Brantley 0-0: Called Strike
0-1: Foul Ball, location: 2F
0-2: Ball
1-2: Foul Ball, location: 2F
1-2: Ball
2-2: Foul Ball, location: 2F
2-2: Ground out 1-3 (Groundball, 13, EV 69.4 MPH)
Ramiro Rivera to third
Batting: RHB Humberto Salas 0-0: Ball
1-0: Ball
Wild Pitch!
Ramiro Rivera scores
2-0: Ball
3-0: Called Strike
3-1: Foul Ball, location: 2F
3-2: SINGLE (Groundball, 56D, EV 111.2 MPH)
Batting: RHB Oscar Leon 0-0: Ball
1-0: Foul Ball, location: 2F
1-1: Ball
2-1: Ball
3-1: DOUBLE (Line Drive, 7LS, EV 106.2 MPH)
Humberto Salas to third
Runner from 3rd tries for Home, SAFE, no throw by LF
Batting: RHB Tom Barlow 0-0: Foul Ball, location: 2F
0-1: Called Strike
0-2: Strikes out swinging
Batting: RHB Hector Torres 0-0: Ground out 6-3 (Groundball, 6, EV 83.8 MPH)
Top of the 2nd over - 2 runs, 3 hits, 0 errors, 1 left on base; Chicago 3 - Lincoln 0
BOTTOM OF THE 2ND
Lincoln Saltdogs batting - Pitching for Chicago Dogs : RHP Matt Nunes
Batting: SHB Tony Cantu 0-0: Ball
1-0: Foul Ball, location: 2F
1-1: Ball
2-1: Ball
3-1: Base on Balls
Batting: LHB Ricardo Salas 0-0: Swinging Strike
0-1: Foul Ball, location: 2F
0-2: Foul Ball, location: 2F
0-2: Ball
1-2: Strikes out looking
Batting: RHB Manny Bentancourt 0-0: Called Strike
0-1: Ball
1-1: Ball
2-1: Ball
3-1: Base on Balls
Tony Cantu to second
Batting: LHB Adrian Moreno 0-0: Ball
1-0: Called Strike
1-1: Fielders Choice at 2nd, 3-6 (Groundball, 13, EV 90.6 MPH)
Tony Cantu to third
Batting: RHB Martin Sarazin 0-0: Called Strike
0-1: Foul Ball, location: 2F
0-2: Ball
1-2: Strikes out looking
Bottom of the 2nd over - 0 runs, 0 hits, 0 errors, 2 left on base; Chicago 3 - Lincoln 0
TOP OF THE 3RD
Chicago Dogs batting - Pitching for Lincoln Saltdogs : RHP Justin Watland
Batting: SHB Nate Gibson 0-0: Called Strike
0-1: Swinging Strike
0-2: Ball
1-2: Ball
2-2: Ball
3-2: Foul Ball, location: 2F
3-2: Foul Ball, location: 2F
3-2: Strikes out swinging
Batting: RHB Ruben Martinez 0-0: Ball
1-0: Ground out 5-3 (Groundball, 56S, EV 65.6 MPH)
Batting: SHB Jose Lopez 0-0: Foul Ball, location: 2F
0-1: Ball
1-1: Ball
2-1: Ground out 1-3 (Groundball, 34S, EV 63.8 MPH)
Top of the 3rd over - 0 runs, 0 hits, 0 errors, 0 left on base; Chicago 3 - Lincoln 0
BOTTOM OF THE 3RD
Lincoln Saltdogs batting - Pitching for Chicago Dogs : RHP Matt Nunes
Batting: RHB Juan Ruiz 0-0: Ball
1-0: Ground out 5-3 (Groundball, 56S, EV 83.1 MPH)
Batting: LHB Tyler Hedderman 0-0: Called Strike
0-1: Fly out, F9 (Flyball, 9S, EV 77.5 MPH)
Batting: RHB Noah Dotson 0-0: Called Strike
0-1: Ball
1-1: Foul Ball, location: 2F
1-2: Ground out 6-3 (Groundball, 6, EV 87.5 MPH)
Bottom of the 3rd over - 0 runs, 0 hits, 0 errors, 0 left on base; Chicago 3 - Lincoln 0
TOP OF THE 4TH
Chicago Dogs batting - Pitching for Lincoln Saltdogs : RHP Justin Watland
Batting: SHB Ramiro Rivera 0-0: Ball
1-0: Ball
2-0: Foul Ball, location: 2F
2-1: Foul Ball, location: 2F
2-2: Hit by Pitch
Batting: LHB Sebastien Brantley 0-0: Fielders Choice at 2nd, 2-4 (Groundball, 15S, EV 70.0 MPH)
Batting: RHB Humberto Salas 0-0: Ball
1-0: Ball
2-0: Ball
3-0: Base on Balls
Sebastien Brantley to second
Batting: RHB Oscar Leon 0-0: Ball
1-0: SINGLE (Line Drive, 89S, EV 96.9 MPH)
Sebastien Brantley to third
Humberto Salas to second
Batting: RHB Tom Barlow 0-0: Fly out, F4 (Flyball, 4D, EV 91.2 MPH)
Batting: RHB Hector Torres 0-0: Ball
1-0: Fly out, F9 (Flyball, 9S, EV 90.0 MPH)
Top of the 4th over - 0 runs, 1 hit, 0 errors, 3 left on base; Chicago 3 - Lincoln 0
BOTTOM OF THE 4TH
Lincoln Saltdogs batting - Pitching for Chicago Dogs : RHP Matt Nunes
Batting: LHB Nazir Wilson 0-0: SINGLE (Line Drive, 8LS, EV 94.4 MPH)
Pitching: RHP Justin Caggiano
Batting: SHB Tony Cantu 0-0: Ball
1-0: Ball
2-0: Called Strike
2-1: Grounds into double play, 4-6-3 (Groundball, 34, EV 100.6 MPH)
Batting: LHB Ricardo Salas 0-0: SOLO HOME RUN (Flyball, 9D, EV 102.5 MPH), Distance : 391 ft
Batting: RHB Manny Bentancourt 0-0: Ball
1-0: Foul Ball, location: 2F
1-1: Foul Ball, location: 2F
1-2: Ball
2-2: Ball
3-2: Base on Balls
Batting: LHB Adrian Moreno 0-0: Called Strike
0-1: Fielders Choice at 2nd, 5-4 (Groundball, 56, EV 86.2 MPH)
Bottom of the 4th over - 1 run, 2 hits, 0 errors, 1 left on base; Chicago 3 - Lincoln 1
TOP OF THE 5TH
Chicago Dogs batting - Pitching for Lincoln Saltdogs : RHP Justin Watland
Batting: SHB Nate Gibson 0-0: Called Strike
0-1: DOUBLE (Flyball, 78XD, EV 103.1 MPH)
Batting: RHB Ruben Martinez 0-0: Ball
1-0: Called Strike
1-1: Called Strike
1-2: Ball
2-2: Foul Ball, location: 2F
2-2: Fly out, F9 (Flyball, 9D, EV 104.4 MPH)
Runner from 2nd tags up, SAFE at 3rd, no throw by RF
Batting: SHB Jose Lopez 0-0: Ball
1-0: Fly out, F9 (Flyball, 89XD, EV 80.6 MPH)
Runner from 3rd tags up, SCORES, no throw by RF
Batting: SHB Ramiro Rivera 0-0: Ball
1-0: Called Strike
1-1: Fly out, F5 (Line Drive, 5, EV 63.1 MPH)
Top of the 5th over - 1 run, 1 hit, 0 errors, 0 left on base; Chicago 4 - Lincoln 1
BOTTOM OF THE 5TH
Lincoln Saltdogs batting - Pitching for Chicago Dogs : RHP Justin Caggiano
Batting: RHB Martin Sarazin 0-0: Called Strike
0-1: Swinging Strike
0-2: Ball
1-2: Ball
2-2: Ball
3-2: Base on Balls
Batting: RHB Juan Ruiz 0-0: Sac Bunt to 13 - play at second, runner safe!
Batting: LHB Tyler Hedderman 0-0: Ball
1-0: Called Strike
1-1: Ball
2-1: Ball
3-1: DOUBLE (Flyball, 89D, EV 101.9 MPH)
Martin Sarazin scores
Juan Ruiz to third
Batting: RHB Noah Dotson 0-0: Ball
1-0: Ground out 1-3 (Groundball, 34S, EV 67.5 MPH)
Batting: LHB Nazir Wilson 0-0: Ball
1-0: DOUBLE (Line Drive, 7LD, EV 110.6 MPH)
Juan Ruiz scores
Tyler Hedderman scores
Batting: SHB Tony Cantu 0-0: Fly out, F8 (Flyball, 8RM, EV 85.0 MPH)
Batting: LHB Ricardo Salas 0-0: Called Strike
0-1: Foul Ball, location: 2F
0-2: Ball
1-2: Ball
2-2: 2-RUN HOME RUN (Flyball, 7LD, EV 111.2 MPH), Distance : 363 ft
Pitching: LHP Alan Jones
Batting: RHB Manny Bentancourt 0-0: Called Strike
0-1: Foul Ball, location: 2F
0-2: Ball
1-2: SINGLE (Line Drive, 7S, EV 95.6 MPH)
Batting: LHB Adrian Moreno 0-0: Foul Ball, location: 2F
0-1: Ball
1-1: Foul Ball, location: 2F
1-2: Ground out 2-3 (Groundball, 2L, EV 66.2 MPH)
Bottom of the 5th over - 5 runs, 4 hits, 0 errors, 1 left on base; Chicago 4 - Lincoln 6
TOP OF THE 6TH
Chicago Dogs batting - Pitching for Lincoln Saltdogs : RHP Justin Watland
Pitching: LHP Tyler Anderson
Batting: LHB Sebastien Brantley 0-0: SINGLE (Line Drive, 7S, EV 110.6 MPH)
Batting: RHB Humberto Salas 0-0: Ball
1-0: Ball
2-0: Ball
3-0: Base on Balls
Sebastien Brantley to second
Batting: RHB Oscar Leon 0-0: Ball
Sebastien Brantley is caught stealing 3rd base 2-5
1-0: Ball
2-0: Ball
3-0: Base on Balls
Humberto Salas to second
Batting: RHB Tom Barlow 0-0: Ball
1-0: Ball
2-0: Called Strike
2-1: Foul Ball, location: 2F
2-2: Ball
3-2: Foul Ball, location: 2F
3-2: Foul Ball, location: 2F
3-2: Fly out, F7 (Flyball, 7LM, EV 91.9 MPH)
Batting: RHB Hector Torres 0-0: Ball
1-0: Called Strike
1-1: Ball
2-1: 3-RUN HOME RUN (Flyball, 9LD, EV 98.8 MPH), Distance : 345 ft
Batting: SHB Nate Gibson 0-0: Ball
1-0: Fly out, F8 (Flyball, 8RM, EV 94.4 MPH)
Top of the 6th over - 3 runs, 2 hits, 0 errors, 0 left on base; Chicago 7 - Lincoln 6
BOTTOM OF THE 6TH
Lincoln Saltdogs batting - Pitching for Chicago Dogs : LHP Alan Jones
Batting: RHB Martin Sarazin 0-0: Foul Ball, location: 2F
0-1: Ball
1-1: Ball
2-1: Foul Ball, location: 2F
2-2: Foul Ball, location: 2F
2-2: Foul Ball, location: 2F
2-2: Strikes out looking
Batting: RHB Juan Ruiz 0-0: Ball
1-0: Called Strike
1-1: Ball
2-1: Ground out 1-3 (Groundball, P, EV 74.4 MPH)
Batting: LHB Tyler Hedderman 0-0: Ball
1-0: Foul Ball, location: 2F
1-1: Called Strike
1-2: Ground out 4-3 (Groundball, 4, EV 87.5 MPH)
Bottom of the 6th over - 0 runs, 0 hits, 0 errors, 0 left on base; Chicago 7 - Lincoln 6
TOP OF THE 7TH
Chicago Dogs batting - Pitching for Lincoln Saltdogs : LHP Tyler Anderson
Pitching: LHP Alex Garcia
Batting: RHB Ruben Martinez 0-0: Called Strike
0-1: Foul Ball, location: 2F
0-2: Ball
1-2: Ball
2-2: Fly out, F9 (Flyball, 9D, EV 102.5 MPH)
Batting: SHB Jose Lopez 0-0: Ground out 5-3 (Groundball, 56, EV 104.4 MPH)
Batting: SHB Ramiro Rivera 0-0: Foul Ball, location: 2F
0-1: Ball
1-1: Ball
2-1: Swinging Strike
2-2: SINGLE (Groundball, 6D, EV 103.1 MPH)
Batting: LHB Sebastien Brantley 0-0: Ball
1-0: Called Strike
1-1: Ball
2-1: Ball
3-1: Foul Ball, location: 2F
3-2: Ground out 4-3 (Groundball, 4, EV 106.2 MPH)
Top of the 7th over - 0 runs, 1 hit, 0 errors, 1 left on base; Chicago 7 - Lincoln 6
BOTTOM OF THE 7TH
Lincoln Saltdogs batting - Pitching for Chicago Dogs : LHP Alan Jones
Batting: RHB Noah Dotson 0-0: Ball
1-0: Foul Ball, location: 2F
1-1: Foul Ball, location: 2F
1-2: Ball
2-2: Fly out, F9 (Flyball, 9D, EV 88.1 MPH)
Batting: LHB Nazir Wilson 0-0: Ball
1-0: SINGLE (Line Drive, 8LS, EV 97.5 MPH)
Batting: SHB Tony Cantu 0-0: Ball
1-0: Swinging Strike
1-1: Called Strike
1-2: Strikes out swinging
Batting: RHB Mike Cunningham 0-0: Hit by Pitch
Nazir Wilson to second
Batting: RHB Manny Bentancourt 0-0: Ball
1-0: Fly out, F9 (Flyball, 89M, EV 86.2 MPH)
Bottom of the 7th over - 0 runs, 1 hit, 0 errors, 2 left on base; Chicago 7 - Lincoln 6
TOP OF THE 8TH
Chicago Dogs batting - Pitching for Lincoln Saltdogs : LHP Alex Garcia
Batting: RHB Humberto Salas 0-0: Called Strike
0-1: Fly out, F9 (Line Drive, 9, EV 98.1 MPH)
Batting: RHB Oscar Leon 0-0: Ball
1-0: Ball
2-0: Ball
3-0: Base on Balls
Batting: RHB Tom Barlow 0-0: Called Strike
0-1: Ball
1-1: Called Strike
1-2: Strikes out swinging
Batting: RHB Hector Torres 0-0: Ball
1-0: Ball
2-0: Called Strike
2-1: Ball
3-1: Base on Balls
Oscar Leon to second
Batting: SHB Nate Gibson 0-0: Ball
1-0: SINGLE (Groundball, 6S, EV 66.9 MPH) (infield hit)
Oscar Leon to third
Hector Torres to second
Batting: RHB Ruben Martinez 0-0: Ball
1-0: Ground out 4-3 (Groundball, 4, EV 99.4 MPH)
Top of the 8th over - 0 runs, 1 hit, 0 errors, 3 left on base; Chicago 7 - Lincoln 6
BOTTOM OF THE 8TH
Lincoln Saltdogs batting - Pitching for Chicago Dogs : LHP Alan Jones
Batting: LHB Adrian Moreno 0-0: Swinging Strike
0-1: Ball
1-1: Foul Ball, location: 2F
1-2: SINGLE (Line Drive, 6M, EV 97.5 MPH)
Batting: RHB Martin Sarazin 0-0: SINGLE (Flyball, 89D, EV 103.1 MPH)
Adrian Moreno to second
Batting: RHB Juan Ruiz 0-0: Ball
1-0: Ball
2-0: Ball
3-0: Called Strike
3-1: Base on Balls
Adrian Moreno to third
Martin Sarazin to second
Pitching: RHP Paul Schwendel
Batting: LHB Tyler Hedderman 0-0: Foul Ball, location: 2F
0-1: Hit by Pitch
Adrian Moreno scores
Martin Sarazin to third
Juan Ruiz to second
Batting: RHB Noah Dotson 0-0: Called Strike
0-1: Swinging Strike
0-2: Foul Ball, location: 2F
0-2: Ball
1-2: Ball
2-2: Fly out, F9 (Flyball, 9, EV 91.9 MPH)
Runner from 3rd tags up, OUT at HOME! 9-2
Juan Ruiz to third
Tyler Hedderman to second
Batting: LHB Nazir Wilson 0-0: Fly out, F8 (Flyball, 78D, EV 95.6 MPH)
Bottom of the 8th over - 1 run, 2 hits, 0 errors, 2 left on base; Chicago 7 - Lincoln 7
TOP OF THE 9TH
Chicago Dogs batting - Pitching for Lincoln Saltdogs : LHP Alex Garcia
Pitching: RHP Ryan Richardson
Batting: SHB Jose Lopez 0-0: Called Strike
0-1: Foul Ball, location: 2F
0-2: Strikes out looking
Batting: SHB Ramiro Rivera 0-0: Foul Ball, location: 2F
0-1: Swinging Strike
0-2: Ground out 4-3 (Groundball, 34, EV 86.2 MPH)
Batting: LHB Sebastien Brantley 0-0: Fly out, F8 (Flyball, 8LS, EV 86.2 MPH)
Top of the 9th over - 0 runs, 0 hits, 0 errors, 0 left on base; Chicago 7 - Lincoln 7
BOTTOM OF THE 9TH
Lincoln Saltdogs batting - Pitching for Chicago Dogs : RHP Paul Schwendel
Batting: SHB Tony Cantu 0-0: Ball
1-0: Called Strike
1-1: Called Strike
1-2: Foul Ball, location: 2F
1-2: Ground out 4-3 (Groundball, 34D, EV 100.0 MPH)
Batting: RHB Mike Cunningham 0-0: Ball
1-0: Called Strike
1-1: Ball
2-1: Called Strike
2-2: Fly out, F9 (Flyball, 9LM, EV 88.1 MPH)
Batting: RHB Manny Bentancourt 0-0: Foul Ball, location: 2F
0-1: Fly out, F3 (Popup, 3SF, EV 69.4 MPH)
Bottom of the 9th over - 0 runs, 0 hits, 0 errors, 0 left on base; Chicago 7 - Lincoln 7
TOP OF THE 10TH
Chicago Dogs batting - Pitching for Lincoln Saltdogs : RHP Ryan Richardson
Batting: RHB Humberto Salas 0-0: Ball
1-0: Foul Ball, location: 2F
1-1: Foul Ball, location: 2F
1-2: Ball
2-2: Ball
3-2: SINGLE (Groundball, 6D, EV 102.5 MPH)
Batting: RHB Oscar Leon 0-0: Called Strike
0-1: Foul Ball, location: 2F
0-2: Ball
1-2: Strikes out swinging
Batting: RHB Tom Barlow 0-0: Ball
1-0: Called Strike
1-1: Foul Ball, location: 2F
1-2: Fly out, F9 (Flyball, 9S, EV 82.5 MPH)
Batting: RHB Hector Torres 0-0: Called Strike
0-1: Ball
1-1: Ball
2-1: Called Strike
2-2: Foul Ball, location: 2F
2-2: Ball
3-2: Base on Balls
Humberto Salas to second
Pinch Runner at 2nd Tim Skrzypek:
Batting: SHB Nate Gibson 0-0: Foul Ball, location: 2F
0-1: Ground out 4-3 (Groundball, 4, EV 103.1 MPH)
Top of the 10th over - 0 runs, 1 hit, 0 errors, 2 left on base; Chicago 7 - Lincoln 7
BOTTOM OF THE 10TH
Lincoln Saltdogs batting - Pitching for Chicago Dogs : RHP Paul Schwendel
Now at C: Roy Edwards
Batting: LHB Adrian Moreno 0-0: Called Strike
0-1: Ground out 5-3 (Groundball, 5, EV 88.8 MPH)
Pinch Hitting: LHB Andrew Thatcher 0-0: Foul Ball, location: 2F
0-1: Ball
1-1: Swinging Strike
1-2: Ball
2-2: Foul Ball, location: 2F
2-2: DOUBLE (Line Drive, 7LM, EV 95.0 MPH)
Batting: RHB Juan Ruiz 0-0: Ball
1-0: Ground out 3-1 (Groundball, 34S, EV 80.6 MPH)
Andrew Thatcher to third
Batting: LHB Tyler Hedderman 0-0: Ball
1-0: Called Strike
1-1: Ball
2-1: Ground out 4-3 (Groundball, 4, EV 105.0 MPH)
Bottom of the 10th over - 0 runs, 1 hit, 0 errors, 1 left on base; Chicago 7 - Lincoln 7
TOP OF THE 11TH
Chicago Dogs batting - Pitching for Lincoln Saltdogs : RHP Ryan Richardson
Now at C: John Urban
Batting: RHB Ruben Martinez 0-0: Foul Ball, location: 2F
0-1: Foul Ball, location: 2F
0-2: Ball
1-2: Ball
2-2: SINGLE (Groundball, 34D, EV 107.5 MPH)
Batting: SHB Jose Lopez 0-0: Ball
1-0: Ball
2-0: Ball
3-0: Called Strike
3-1: Grounds into double play, 4-6-3 (Groundball, 34, EV 85.6 MPH)
Batting: SHB Ramiro Rivera 0-0: Foul Ball, location: 2F
0-1: Ball
1-1: Called Strike
1-2: Ground out 2-3 (Groundball, 2R, EV 70.6 MPH)
Top of the 11th over - 0 runs, 1 hit, 0 errors, 0 left on base; Chicago 7 - Lincoln 7
BOTTOM OF THE 11TH
Lincoln Saltdogs batting - Pitching for Chicago Dogs : RHP Paul Schwendel
Batting: RHB Noah Dotson 0-0: Called Strike
0-1: Foul Ball, location: 2F
0-2: Foul Ball, location: 2F
0-2: Ball
1-2: Ball
2-2: Foul Ball, location: 2F
2-2: Foul Ball, location: 2F
2-2: Foul Ball, location: 2F
2-2: Ball
3-2: Foul Ball, location: 2F
3-2: Ground out 5-3 (Groundball, 56, EV 90.0 MPH)
Batting: LHB Nazir Wilson 0-0: Ball
1-0: Called Strike
1-1: Ball
2-1: Ball
3-1: Called Strike
3-2: Fly out, F9 (Line Drive, 9D, EV 101.9 MPH)
Batting: SHB Tony Cantu 0-0: Called Strike
0-1: Swinging Strike
0-2: Ball
1-2: Foul Ball, location: 2F
1-2: Ball
2-2: Ball
3-2: Fly out, F7 (Flyball, 78D, EV 96.9 MPH)
Bottom of the 11th over - 0 runs, 0 hits, 0 errors, 0 left on base; Chicago 7 - Lincoln 7
TOP OF THE 12TH
Chicago Dogs batting - Pitching for Lincoln Saltdogs : RHP Ryan Richardson
Pitching: RHP Jake Joyce
Batting: LHB Sebastien Brantley 0-0: Ball
1-0: Swinging Strike
1-1: Ball
2-1: Ball
3-1: Called Strike
3-2: Foul Ball, location: 2F
3-2: Fly out, F7 (Flyball, 7, EV 93.8 MPH)
Batting: RHB Roy Edwards 0-0: Called Strike
0-1: SOLO HOME RUN (Line Drive, 7D, EV 106.2 MPH), Distance : 395 ft
Batting: RHB Oscar Leon 0-0: Ball
1-0: Swinging Strike
1-1: Ball
2-1: Swinging Strike
2-2: Foul Ball, location: 2F
2-2: Strikes out swinging
Batting: RHB Tom Barlow 0-0: Called Strike
0-1: Ball
1-1: Ground out 6-3 (Groundball, 6, EV 91.2 MPH)
Top of the 12th over - 1 run, 1 hit, 0 errors, 0 left on base; Chicago 8 - Lincoln 7
BOTTOM OF THE 12TH
Lincoln Saltdogs batting - Pitching for Chicago Dogs : RHP Paul Schwendel
Pitching: LHP Mike Steel
Batting: RHB Mike Cunningham 0-0: Ball
1-0: Called Strike
1-1: Ball
2-1: Swinging Strike
2-2: Strikes out swinging
Batting: RHB Manny Bentancourt 0-0: Called Strike
0-1: DOUBLE (Line Drive, 8RXD, EV 106.9 MPH)
Batting: LHB Adrian Moreno 0-0: Ground out 4-3 (Groundball, 4, EV 96.2 MPH)
Manny Bentancourt to third
Batting: RHB John Urban 0-0: Ball
1-0: Called Strike
1-1: Ball
2-1: Foul Ball, location: 2F
2-2: Foul Ball, location: 2F
2-2: Fly out, F4 (Flyball, 34D, EV 89.4 MPH)
Bottom of the 12th over - 0 runs, 1 hit, 0 errors, 1 left on base; Chicago 8 - Lincoln 7
Thursday, October 28th , 2021 - OOTP Baseball 22.10 Build 79